 Dungeon Crawl Stone Soup version 0.29.1-15-g9cfb28693d (webtiles) character file.

Game seed: 15189852472285214614

60 112233 the Ducker (level 3, -4/17 HPs)
             Began as a Felid Fighter on Feb 22, 2023.
             Slain by an iguana (13 damage)
             ... on level 3 of the Dungeon.
             The game lasted 00:02:53 (1897 turns).

112233 the Ducker (Felid Fighter)                   Turns: 1897, Time: 00:02:53

Health: -4/17      AC:  1    Str: 12    XL:     3   Next: 80%
Magic:  4/4        EV: 19    Int: 11    God:
Gold:   88         SH:  0    Dex: 15    Spells: 2/2 levels left
                                        Lives:  0   Deaths: 0

rFire   . . .      SeeInvis +     - Unarmed
rCold   . . .      Faith    .   (shield unavailable)
rNeg    . . .      Spirit   .   (body armour unavailable)
rPois   .          Reflect  .   (helmet unavailable)
rElec   .          Harm     .   (cloak unavailable)
rCorr   .          Rampage  .   (gloves unavailable)
Will    .....                   (boots unavailable)
Stlth   ++........              (no amulet)
HPRegen 0.05/turn               d - ring of wizardry
MPRegen 0.09/turn               (no ring)

@: quick
A: very small, claws 1, fangs 3, see invisible, speed 1, shaggy fur 1, stealthy
paws, no weapons or thrown items, no armour, multi-lived
a: no special abilities


You were on level 3 of the Dungeon.
You visited 1 branch of the dungeon, and saw 3 of its levels.

You collected 88 gold pieces.

Inventory:

Jewellery
 d - a ring of wizardry (left paw)
Scrolls
 b - 2 scrolls of identify {unknown}
 e - a scroll of fog {unknown}
 f - a scroll of immolation {unknown}
 g - a scroll of magic mapping {unknown}
 j - a scroll of summoning {unknown}
 k - a scroll of fear {unknown}
Potions
 a - 2 potions of might
 c - 3 potions of flight {unknown}
 h - a potion of lignification {unknown}
 i - a potion of haste {unknown}


   Skills:
 + Level 3.5 Fighting
 + Level 4.7 Dodging
 + Level 2.1 Stealth
 + Level 4.4 Unarmed Combat


You had 2 spell levels left.
You didn't know any spells.
Your spell library contained the following spells:

 Spells                   Type           Power      Damage    Failure   Level
 Poisonous Vapours        Pois/Air       0%         N/A       21%         2
 Corpse Rot               Necr/Pois/Air  0%         N/A       77%         4


Dungeon Overview and Level Annotations

Branches:
Dungeon (3/15)

Altars:

Shops:
D:3 *


Innate Abilities, Weirdness & Mutations

You have sharp claws.
You have razor-sharp teeth.
You have supernaturally acute eyesight. (SInv)
You cover ground quickly. (Speed+)
You are covered in fur. (AC +1)
Your paws help you pounce on unaware monsters.
You are incapable of wielding weapons or throwing items.
You cannot wear armour.
You gain extra lives every three experience levels.


Message History

No target in view!
Found a stone staircase leading down.
A worm comes into view.
A worm is nearby!
A worm is nearby!
You scratch the worm. You claw the worm, but do no damage.
The worm is moderately wounded.
You claw the worm!
The worm is severely wounded.
The worm completely misses you.
You claw the worm! You claw the worm, but do no damage.
The worm is almost dead.
You scratch the worm.
You kill the worm!
No target in view!
No target in view!
k - a scroll labelled KIJUSI REMOVIT A giant cockroach comes into view.
A giant cockroach is nearby!
A giant cockroach is nearby!
The giant cockroach misses you.
You closely miss the giant cockroach. The giant cockroach misses you.
You completely miss the giant cockroach.
You claw the giant cockroach. You bite the giant cockroach.
You kill the giant cockroach!
No target in view!
No target in view!
An iguana comes into view.
An iguana is nearby!
An iguana is nearby!
An iguana is nearby!
Found 8 gold pieces.
You scratch the iguana.
The iguana is moderately wounded.
The iguana bites you!
You scratch the iguana but do no damage.
The iguana is moderately wounded.
The iguana bites you!
Ouch! That really hurt!
You die...

..... # .... ##### ..$
....# .. ....# .#####
..#.####+###+#....#
..#.#.....##.#.##.######
....†...........@l......
#.#.#..#..#.....##.....#
#.###.......†...# .##.#
.......##..........##
#.####.##..........#
#.##.####..........#
.....#######...#.#.#
.###...# #...#.#.#
.#...### #...# #


You could see an iguana.

Vanquished Creatures
  3 worms
  5 dart slugs
  A bat (D:2)
  5 endoplasms
  A giant cockroach (D:3)
  3 goblins
  7 hobgoblins
  2 quokkas
  2 ball pythons (D:1)
  A frilled lizard (D:2)
  3 kobolds
  5 rats
38 creatures vanquished.

Notes
Turn   | Place    | Note
-------+----------+-------------------------------------------
     0 | D:1      | 112233 the Felid Fighter began the quest for the Orb.
     0 | D:1      | Reached XP level 1. HP: 10/10 MP: 2/2
   240 | D:1      | Reached XP level 2. HP: 14/14 MP: 3/3
   286 | D:1      | Reached skill level 1 in Stealth
   682 | D:1      | Found a faded altar of an unknown god.
  1031 | D:2      | Reached XP level 3. HP: 17/17 MP: 4/4
  1508 | D:3      | Found Kyufer's General Store.
  1734 | D:3      | Identified the +1 leather armour of Light {Rampage rElec
                  | rPois Slay-3}
  1897 | D:3      | Slain by an iguana

Illustrated notes

Levels and vault maps discovered:
D:1:      sevenhm_arrival_forest_fort_large_4, layout_rooms,
          shapermc_ecumenical_altar_mp_highgroup
D:2:      layout_basic
D:3:      layout_basic, serial_shops, shop

Skill      XL: |  1  2  3 |
---------------+----------+-----
Stealth        | 1 2 |  2.1
Fighting       | |  3.5
Dodging        | |  4.7
Unarmed Combat | |  4.4

Action                   || total
-------------------------++-------
Melee: Unarmed           ||    99
       Punch             ||     5
       Bite              ||    12
 Stab: Sleeping          ||     6
Armor: Skin              ||     2
Dodge: Dodged            ||    47
